 Zot Defence DCSS version 0.15.2 (webtiles) character file.

11845 hexophile the Fighter (level 11, 0/103 (105) HPs)
             Began as a Ghoul Fighter on Jan 26, 2016.
             Was a Priest of Okawaru.
             Shot with a poisoned arrow by Nessos (9 damage)
             ... in the Realm of Zot (Scenario I: Hall of Zot).
             The game lasted 00:03:56 (2164 turns).

hexophile the Fighter (Ghoul Fighter)               Turns: 2164, Time: 00:03:56

HP   0/103 (105) AC  8     Str 21      XL: 11   Next: 84%
MP  22/22        EV  8     Int  6      God: Okawaru [***...]
Gold 0           SH 11     Dex  8      Spells:  0 memorised, 10 levels left

rFire  . . .     SeeInvis .     a - +0 war axe
rCold  + . .     Clarity  .     b - +0 scale mail
rNeg   + + +     rCorr    .     c - +0 shield
rPois  +         rRot     +     (no helmet)
rElec  .         Spirit   .     (no cloak)
SustAb .         Warding  .     (no gloves)
rMut   .         Stasis   .     (no boots)
Saprov + + +                    (no amulet)
MR     .....                    (no ring)
                                (no ring)

@: heroism, rotting, not resistant to hostile enchantments, very unstealthy
A: rotting body, claws 1, carnivore 3, cold resistance 1, negative energy
resistance 3, poison resistance, saprovore 3, slow healing 1, torment
resistance, unbreathing
a: Make oklob sapling, Make arrow trap, Make plant, Remove Curse, Make burning
bush, Make altar, Make grenades, Make oklob plant, Make net trap, Make ice
statue, Make spear trap, Make alarm trap, Heroism, Renounce Religion


You were in the Realm of Zot.
You worshipped Okawaru.
Okawaru was most pleased with you.
You were not hungry.

You visited 1 branch


Innate Abilities, Weirdness & Mutations

Your body is rotting away.
You have sharp fingernails.
You are carnivorous and can eat meat at any time.
Your flesh is cold resistant.
You are immune to negative energy.
Your system is resistant to poisons.
You thrive on rotten meat.
You heal slowly when monsters are visible.
You are immune to unholy pain and torment.
You can survive without breathing.

Inventory:

Hand weapons
 a - a +0 war axe (weapon)
Armour
 b - a +0 scale mail (worn)
 c - a +0 shield (worn)
Magical devices
 n - a wand of teleportation (5) {!V}
Scrolls
 j - a scroll of blinking
Potions
 d - 3 potions of curing
 e - a potion of might
 f - a potion of heal wounds
 g - a potion of haste
 h - 2 potions of magic


You had 10 spell levels left.
You didn't know any spells.


   Skills:
 * Level 12.6(17.6) Fighting
 * Level 10.7(15.7) Axes
 - Level 3.4(8.4) Armour
 - Level 3.4(8.4) Shields
 * Level 9.0 Invocations

Dungeon Overview and Level Annotations

Branches:
    Zot (1/1)

Altars:
Okawaru

Annotations:
Zot Nessos

Vault maps used:
Zot:      zotvault
You       could see Nessos, 4 slime creatures and a yaktaur shaped shifter.


Message History

Things that are here:
a mace; a ring mail; an orc skeleton You hit the slime creature but do no damage.
The slime creature is moderately wounded.
You slash the slime creature!
You kill the slime creature!
Okawaru accepts your kill.
You hit Nessos.
Nessos is lightly wounded.
You slash the slime creature!
The slime creature is moderately wounded.
You hit something.
Nessos blinks!
You hit something but do no damage. You slash the slime creature!
The slime creature is heavily wounded.
You miss something. You slice the slime creature!!
The slime creature is almost dead.
You hit something but do no damage.
You hit the slime creature but do no damage.
The slime creature is almost dead.
You slash the slime creature!
You kill the slime creature!
Okawaru accepts your kill.
You hit something but do no damage.
You see here a rat skeleton.
There isn't anything to butcher here.
You slash something! Okawaru accepts your kill.
Reactivating autopickup.
Your Invocations skill increases to level 9!
You feel a bit more experienced.
Nessos mumbles some strange words.
Nessos seems to speed up.
There isn't anything to butcher here.
An octopode comes into view.
Items here: % ( ))))))
There isn't anything to butcher here.
A slime creature comes into view.
The octopode changes into a raiju! 3 slime creatures come into view.
Items here: %%%%%% ))))))) [ Nessos blinks!
The raiju changes into a yaktaur!
Nessos blinks!
Nessos blinks!
Nessos wields an uncursed longbow of flaming.
It bursts into flame!
Nessos shoots a poisoned arrow.
You block the poisoned arrow.
Nessos shoots a poisoned arrow.
The poisoned arrow hits you!!
* * * LOW HITPOINT WARNING * * *
The poisoned arrow burns you!
You die...

Action                   |  1- 3 |  4- 6 |  7- 9 | 10-12 || total
-------------------------+-------+-------+-------+-------++-------
Melee: War axe           |    43 |    47 |    91 |   213 ||   394
Invok: Heroism           |       |       |       |     1 ||     1
 Abil: Make altar        |       |       |     1 |       ||     1
  Eat: Chunk             |       |     2 |     2 |    11 ||    15

Notes
Turn   | Place    | Note
--------------------------------------------------------------
     0 | Zot      | hexophile, the Ghoul Fighter, began the quest for the Orb.
     0 | Zot      | Reached XP level 1. HP: 19/19 MP: 1/1
   602 | Zot      | Noticed Terence
   671 | Zot      | Reached XP level 2. HP: 26/26 MP: 2/2
   676 | Zot      | Killed Terence
   676 | Zot      | Reached skill level 2 in Axes
   676 | Zot      | Reached skill level 3 in Armour
   676 | Zot      | Reached skill level 3 in Shields
   676 | Zot      | Reached XP level 3. HP: 31/31 MP: 3/3
   700 | Zot      | Reached skill level 4 in Fighting
   700 | Zot      | Reached XP level 4. HP: 38/40 MP: 3/3
   720 | Zot      | Reached XP level 5. HP: 45/45 MP: 4/4
  1002 | Zot      | Noticed Erolcha
  1045 | Zot      | Killed Erolcha
  1045 | Zot      | Reached skill level 7 in Fighting
  1045 | Zot      | Reached skill level 6 in Axes
  1045 | Zot      | Reached XP level 6. HP: 52/59 MP: 5/5
  1045 | Zot      | Reached XP level 7. HP: 57/65 MP: 5/5
  1045 | Zot      | Reached XP level 8. HP: 63/72 MP: 6/6
  1061 | Zot      | Became a worshipper of Warmaster Okawaru
  1251 | Zot      | Reached skill level 8 in Fighting
  1251 | Zot      | Reached skill level 7 in Axes
  1256 | Zot      | Reached XP level 9. HP: 61/81 MP: 7/7
  1336 | Zot      | Reached skill level 9 in Fighting
  1347 | Zot      | Acquired Okawaru's first power
  1516 | Zot      | Reached skill level 1 in Invocations
  1523 | Zot      | Reached skill level 2 in Invocations
  1527 | Zot      | Reached skill level 8 in Axes
  1536 | Zot      | Reached skill level 10 in Fighting
  1543 | Zot      | Reached skill level 3 in Invocations
  1543 | Zot      | Reached skill level 4 in Invocations
  1543 | Zot      | Reached XP level 10. HP: 92/94 MP: 10/14
  1560 | Zot      | Reached skill level 5 in Invocations
  1575 | Zot      | Reached skill level 9 in Axes
  1585 | Zot      | Noticed a shadow dragon
  1586 | Zot      | Noticed a golden dragon
  1590 | Zot      | Noticed a storm dragon
  1591 | Zot      | Noticed a moth of wrath
  1604 | Zot      | Reached skill level 11 in Fighting
  1608 | Zot      | Reached skill level 6 in Invocations
  1737 | Zot      | Reached skill level 7 in Invocations
  1737 | Zot      | Reached XP level 11. HP: 96/103 MP: 18/20
  1801 | Zot      | Noticed a hill giant
  1944 | Zot      | Killed a hill giant
  1944 | Zot      | Reached skill level 12 in Fighting
  1944 | Zot      | Reached skill level 10 in Axes
  1969 | Zot      | Reached skill level 8 in Invocations
  2102 | Zot      | Noticed Nessos
  2158 | Zot      | Reached skill level 9 in Invocations
  2164 | Zot      | Shot with a poisoned arrow by Nessos

Table legend:
 A = Turns spent in this place as a percentage of turns spent in the entire game.
 B = Non-inter-level travel turns spent in this place as a percentage of non-inter-level travel turns spent in the entire game.
 C = Inter-level travel turns spent in this place as a percentage of turns spent in this place.
 D = Turns resting spent in this place as a percentage of non-inter-level travel turns spent in this place.
 E = Turns spent auto-exploring this place as a percentage of non-inter-level travel turns spent in this place.
 F = Non-inter-level travel turns spent in this place divided by the number of levels of this place that you've seen.
                   A       B       C       D       E      F
               +-------+-------+-------+-------+-------+----------------------
         Total | 100.0 | 100.0 |   0.0 |   1.5 |   0.0 | 1615.0
           Zot | 100.0 | 100.0 |   0.0 |   1.5 |   0.0 | 1615.0
               +-------+-------+-------+-------+-------+----------------------

Table legend:
 A = Kills in this place as a percentage of kills in entire the game.
 B = Kills by you in this place as a percentage of kills by you in the entire game.
 C = Kills by friends in this place as a percentage of kills by friends in the entire game.
 D = Other kills in this place as a percentage of other kills in the entire game.
 E = Experience gained in this place as a percentage of experience gained in the entire game.
 F = Experience gained in this place divided by the number of levels of this place that you have seen.
                   A       B       C       D       E      F
               +-------+-------+-------+-------+-------+----------------------
         Total | 100.0 | 100.0 |  -nan |  -nan | 100.0 | 16922.0
           Zot | 100.0 | 100.0 |  -nan |  -nan | 100.0 | 16922.0
               +-------+-------+-------+-------+-------+----------------------

Vanquished Creatures
  Erolcha (Zot)
  A hill giant (Zot)
  A deep elf mage (Zot)
  10 slime creatures (Zot)
  A two-headed ogre (Zot)
  2 blink frogs (Zot)
  A deep elf fighter (Zot)
  A vampire (Zot)
  2 yaks (Zot)
  4 vampire mosquitoes (Zot)
  A water moccasin (Zot)
  A black bear (Zot)
  A yellow wasp (Zot)
  3 ice beasts (Zot)
  A boggart (Zot)
  2 phantoms (Zot)
  A big kobold (Zot)
  6 giant frogs (Zot)
  A quasit (Zot)
  An orc priest (Zot)
  3 orange rats (Zot)
  An iguana (Zot)
  2 sheep (Zot)
  Terence (Zot)
  2 adders (Zot)
  5 green rats (Zot)
  2 giant mites (Zot)
  3 giant geckos (Zot)
  3 oozes (Zot)
  An orc (Zot)
  3 goblins (Zot)
  4 hobgoblins (Zot)
  A quokka (Zot)
  A ball python (Zot)
  5 bats (Zot)
  4 kobolds (Zot)
  5 rats (Zot)
88 creatures vanquished.
